 Dungeon Crawl Stone Soup version 0.29.1-12-g30fa7ad0bf (webtiles) character file.

Game seed: 14320991046619536253

2984 Oxelix the Fencer (level 9, -1/70 HPs)
             Began as a Minotaur Berserker on Jan 4, 2023.
             Was an Elder of Trog.
             Hit by a large rock thrown by a cyclops (30 damage)
             ... on level 6 of the Dungeon.
             The game lasted 00:11:50 (6640 turns).

Oxelix the Fencer (Minotaur Berserker)              Turns: 6640, Time: 00:11:51

Health: -1/70      AC: 15    Str: 26    XL:     9   Next: 53%
Magic:  8/8        EV:  7    Int:  4    God:    Trog [****..]
Gold:   479        SH:  0    Dex: 10    Spells: 8/8 levels left

rFire   . . .      SeeInvis .   a - +0 falchion
rCold   . . .      Faith    .   (no shield)
rNeg    . . .      Spirit   .   b - +0 plate armour
rPois   .          Reflect  .   (helmet restricted)
rElec   .          Harm     .   (no cloak)
rCorr   .          Rampage  .   (no gloves)
Will    .....                   (no boots)
Stlth   ..........              s - amulet of the acrobat
HPRegen 0.21/turn               h - ring of flight
MPRegen 0.11/turn               m - +4 ring of protection

@: flying
A: horns 2, retaliatory headbutt
a: Renounce Religion, Berserk, Trog's Hand, Brothers in Arms


You were on level 6 of the Dungeon.
You worshipped Trog.
Trog was greatly pleased with you.
You visited 1 branch of the dungeon, and saw 6 of its levels.
You also visited: Sewer.

You collected 479 gold pieces.

Inventory:

Hand Weapons
 a - a +0 falchion (weapon)
Missiles
 x - 6 boomerangs (quivered)
Armour
 b - a +0 plate armour (worn)
Jewellery
 h - a ring of flight (left hand)
 m - a +4 ring of protection (right hand)
 s - an amulet of the acrobat (around neck)
 y - an amulet of guardian spirit
Wands
 t - a wand of flame (9)
Scrolls
 d - 13 scrolls of identify {unknown}
 e - a scroll of torment {unknown}
 g - 2 scrolls of enchant armour {unknown}
 j - 2 scrolls of poison {unknown}
 k - 3 scrolls of vulnerability {unknown}
 l - 2 scrolls of magic mapping {unknown}
 n - 3 scrolls of immolation {unknown}
 q - 7 scrolls of teleportation
 v - a scroll of fog {unknown}
 w - 2 scrolls of enchant weapon {unknown}
Potions
 c - 2 potions of lignification
 f - 5 potions of haste {unknown}
 i - a potion of degeneration {unknown}
 o - a potion of magic {unknown}
 p - a potion of berserk rage {unknown}
 r - 5 potions of heal wounds {unknown}
 u - 2 potions of might {unknown}
 z - 2 potions of curing {unknown}


   Skills:
 - Level 3.6 Fighting
 * Level 15.9 Long Blades
 - Level 2.4 Armour
 - Level 2.1 Dodging


You had 8 spell levels left.
You didn't know any spells.
Your spell library was empty.

Dungeon Overview and Level Annotations

Branches:
Dungeon (6/15)             Temple (0/1) D:6           Sewer (visited)

Altars:

Shops:
D:2 (   D:6 =


Innate Abilities, Weirdness & Mutations

You have a pair of horns on your head.
You reflexively headbutt those who attack you in melee.


Message History

Aim: a cyclops, quivering large rocks (85% to hit)
You throw a boomerang. The boomerang hits the cyclops.
The cyclops is lightly wounded.
Throw: 6 boomerangs
Press: ? - help, Q - select action, (/) - cycle Shift-Dir - straight line, f/p - cyclops
Aim: a cyclops, quivering large rocks (lightly wounded, 85% to hit)
You throw a boomerang. The boomerang hits the cyclops.
The cyclops is moderately wounded.
Throw: 6 boomerangs
Press: ? - help, Q - select action, (/) - cycle Shift-Dir - straight line, f/p - cyclops
Aim: a cyclops, quivering large rocks (moderately wounded, 85% to hit)
You throw a boomerang. The boomerang hits the cyclops.
The cyclops is moderately wounded.
Throw: 6 boomerangs
Press: ? - help, Q - select action, (/) - cycle Shift-Dir - straight line, f/p - cyclops
Aim: a cyclops, quivering large rocks (moderately wounded, 85% to hit)
You throw a boomerang. The boomerang hits the cyclops.
The cyclops is heavily wounded.
The cyclops throws a large rock.
The large rock hits you!!
Items here: )) [[ รท.
Throw: 6 boomerangs
Press: ? - help, Q - select action, (/) - cycle Shift-Dir - straight line, f/p - cyclops
Aim: a cyclops, quivering large rocks (heavily wounded, 85% to hit)
You throw a boomerang. The boomerang hits the cyclops.
The cyclops is heavily wounded.
The cyclops throws a large rock.
The large rock barely misses you.
Throw: 6 boomerangs
Press: ? - help, Q - select action, (/) - cycle Shift-Dir - straight line, f/p - cyclops
Aim: a cyclops, quivering large rocks (heavily wounded, 85% to hit)
You throw a boomerang.
The boomerang completely misses the cyclops.
The cyclops throws a large rock.
The large rock hits you!!
Throw: 6 boomerangs
Press: ? - help, Q - select action, (/) - cycle Shift-Dir - straight line, f/p - cyclops
Aim: a cyclops, quivering large rocks (heavily wounded, 85% to hit)
You throw a boomerang.
The boomerang hits the cyclops but does no damage.
The cyclops is heavily wounded.
The cyclops throws a large rock.
The large rock hits you!!
You die...

... #...#.......#.....# #####
#...##.....##.....#
##...###...###...###.....#
##(....##.C.# #######.....#
#.......#...####..........#
#.......'...##......#.#...#
#.......#...##.....##..##.#
##.....##...#).....##.....###
##)..###...@....####....(...
##### ########## ########. ##
## ...###### #.P....##
##PPP...# #..>PP.#


You could see a cyclops.

Vanquished Creatures
  A troll (D:6)
  Prince Ribbit (D:5)
  2 steam dragons (D:6)
  A black bear (D:5)
  An orc warrior (D:6)
  3 ice beasts (D:6)
  A sky beast (D:6)
  A phantom (D:4)
  4 kobold brigands (Sewer)
  2 necrophages
  3 scorpions
  3 wights (D:5)
  An electric eel (D:6)
  2 jellies
  4 orc priests
  4 hounds
  4 iguanas
  4 orc wizards
  Natasha (thrice) (D:2)
  4 gnolls (D:6)
  12 adders
  2 shadow imps
  A white imp (D:5)
  2 ufetubi
  8 worms
  4 dart slugs
  19 orcs
  13 endoplasms
  6 giant cockroaches
  10 goblins
  5 hobgoblins
  6 jackals
  12 kobolds
  4 quokkas
  11 ball pythons
  10 bats
  4 frilled lizards
  5 rats
183 creatures vanquished.

Vanquished Creatures (others)
  6 fungi (D:1)
  5 plants (D:1)
11 creatures vanquished.

Grand Total: 194 creatures vanquished

Notes
Turn   | Place    | Note
-------+----------+-------------------------------------------
     0 | D:1      | Oxelix the Minotaur Berserker began the quest for the Orb.
     0 | D:1      | Reached XP level 1. HP: 19/19 MP: 0/0
    80 | D:1      | Reached skill level 4 in Long Blades
    89 | D:1      | Reached XP level 2. HP: 10/26 MP: 1/1
   626 | D:1      | Found a faded altar of an unknown god.
   636 | D:1      | Reached skill level 5 in Long Blades
   805 | D:1      | Reached XP level 3. HP: 31/31 MP: 2/2
  1164 | D:2      | Reached ** piety under Trog
  1190 | D:2      | Noticed Natasha
  1199 | D:2      | Killed Natasha
  1200 | D:2      | Reached skill level 6 in Long Blades
  1200 | D:2      | Reached XP level 4. HP: 32/39 MP: 3/3
  1313 | D:2      | Found Lemon's Antique Weapon Emporium.
  1337 | D:2      | Noticed Natasha
  1350 | D:2      | Killed Natasha
  1758 | D:2      | Noticed Natasha
  1774 | D:2      | Killed Natasha
  1775 | D:2      | Reached skill level 7 in Long Blades
  1775 | D:2      | Reached XP level 5. HP: 21/45 MP: 4/4
  2677 | D:3      | Reached skill level 8 in Long Blades
  3029 | D:3      | Reached XP level 6. HP: 51/51 MP: 5/5
  3223 | D:4      | Reached *** piety under Trog
  3515 | D:4      | Reached skill level 9 in Long Blades
  3667 | D:4      | Reached XP level 7. HP: 53/57 MP: 6/6
  3841 | D:5      | Entered Level 5 of the Dungeon
  3855 | D:5      | Reached skill level 10 in Long Blades
  3984 | D:5      | Reached skill level 11 in Long Blades
  4096 | D:5      | Reached XP level 8. HP: 64/64 MP: 7/7
  4159 | D:5      | Noticed Prince Ribbit
  4173 | D:5      | Killed Prince Ribbit
  4174 | D:5      | Reached skill level 12 in Long Blades
  4259 | D:5      | Found a glowing drain.
  4268 | Sewer    | Entered a sewer
  4533 | Sewer    | Reached **** piety under Trog
  4659 | Sewer    | Reached skill level 13 in Long Blades
  5442 | D:6      | Reached skill level 14 in Long Blades
  5773 | D:6      | Reached XP level 9. HP: 70/70 MP: 8/8
  5829 | D:6      | Found Paefith's Jewellery Emporium.
  5985 | D:6      | Found a staircase to the Ecumenical Temple.
  6217 | D:6      | Noticed a troll
  6226 | D:6      | Killed a troll
  6227 | D:6      | Reached skill level 15 in Long Blades
  6621 | D:6      | Noticed a cyclops
  6640 | D:6      | Hit by a large rock thrown by a cyclops

Illustrated notes

Levels and vault maps discovered:
D:1:      matt_arrival_grand_opening, layout_loops_cross,
          dreamdust_ecumenical_altar_grove
D:2:      layout_loops_cross, serial_shops, nicolae_square_shop,
          grunt_decor_fettered, uniq_natasha
D:3:      layout_loops_ring, minmay_fractal_squares_5
D:4:      layout_rooms, st_stairs_1, minmay_quadrilaterals
D:5:      layout_loops_cross, portal_sewer_entry_a, dreamdust_wishing_well,
          glass_columns_b, uniq_prince_ribbit1
D:6:      minmay_opposing_rooms, layout_layer_cave, lemuel_tele_altar,
          minmay_temple_entry_overgrown, serial_shops,
          nicolae_shop_advertising_works [nicolae_subvault_shop_adworks],
          water_maze_lemuel, uniq_crazy_yiuf_cottage

Skill      XL: |  1  2  3  4  5  6  7  8  9 |
---------------+----------------------------+-----
Long Blades    | 4 5 6 7 8 9 11 14 15 | 15.9
Fighting       | |  3.6
Armour         | |  2.4
Dodging        | |  2.1

Action                   |  1- 3 |  4- 6 |  7- 9 || total
-------------------------+-------+-------+-------++-------
Melee: Falchion          |    63 |   193 |   307 ||   563
       Headbutt          |     8 |    31 |    46 ||    85
       Punch             |       |     1 |     6 ||     7
Throw: Boomerang         |       |       |     7 ||     7
Invok: Berserk           |     1 |     2 |     8 ||    11
  Use: Potion            |       |       |     1 ||     1
Armor: Animal skin       |     5 |       |       ||     5
       Ring mail         |    15 |       |       ||    15
       Plate armour      |    15 |   117 |    98 ||   230
       Skin              |       |       |    49 ||    49
Dodge: Dodged            |    47 |    63 |   117 ||   227
